 Dungeon Crawl Stone Soup version 0.29.1-15-g9cfb28693d (webtiles) character file.

Game seed: 11330718553186389027

25 PriceMaster the Covered (level 3, -2/24 HPs)
             Began as a Human Wanderer on Apr 14, 2023.
             Was an Initiate of Yredelemnul.
             Slain by a gnoll
             ... wielding a +0 halberd
              (5 damage)
             ... on level 2 of the Dungeon.
             The game lasted 00:02:16 (1175 turns).

PriceMaster the Covered (Human Wanderer)            Turns: 1175, Time: 00:02:16

Health: -2/24      AC:  9    Str: 13    XL:     3   Next: 17%
Magic:  3/3        EV:  9    Int: 10    God:    Yredelemnul [......]
Gold:   23         SH:  8    Dex: 15    Spells: 2/2 levels left

rFire   . . .      SeeInvis .   a - +0 spear
rCold   . . .      Faith    .   b - +3 buckler
rNeg    . . .      Spirit   .   c - +0 ring mail
rPois   +          Reflect  .   g - +0 helmet
rElec   .          Harm     .   h - +1 cloak {rPois}
rCorr   .          Rampage  .   (no gloves)
Will    .....                   (no boots)
Stlth   +.........              (no amulet)
HPRegen 0.08/turn               (no ring)
MPRegen 0.08/turn               (no ring)

@: flying
A: no striking features
a: Renounce Religion, Recall Undead Harvest


You were on level 2 of the Dungeon.
You worshipped Yredelemnul.
Yredelemnul was noncommittal.
You visited 1 branch of the dungeon, and saw 2 of its levels.

You collected 23 gold pieces.

Inventory:

Hand Weapons
 a - a +0 spear (weapon)
Armour
 b - a +3 buckler (worn)
 c - a +0 ring mail (worn)
 g - a +0 helmet (worn)
 h - a +1 cloak of poison resistance (worn)
Scrolls
 f - a scroll of brand weapon {unknown}


   Skills:
 + Level 2.0 Polearms
 + Level 4.4 Armour
 + Level 4.4 Shields


You had 2 spell levels left.
You didn't know any spells.
Your spell library was empty.

Dungeon Overview and Level Annotations

Branches:
Dungeon (2/15)

Altars:
Yredelemnul

Shops:
D:1 ?=:


Message History

The gnoll is severely wounded.
The gnoll hits you but does no damage. The gnoll closely misses you.
The gnoll hits you with a +4 flail.
Your goblin zombie barely misses the gnoll.
You hit the gnoll.
The gnoll is almost dead.
The gnoll hits you from afar with a +0 halberd!
You block the gnoll's attack. x2; The gnoll barely misses you.
You are too injured to fight recklessly!
You are too injured to fight recklessly!
You are too injured to fight recklessly!
You are too injured to fight recklessly!
You are too injured to fight recklessly!
You are too injured to fight recklessly!
You are too injured to fight recklessly!
You are too injured to fight recklessly!
You are too injured to fight recklessly!
You are too injured to fight recklessly!
You are too injured to fight recklessly!
You are too injured to fight recklessly!
You are too injured to fight recklessly!
You are too injured to fight recklessly!
You are too injured to fight recklessly!
Unknown command.
It was a potion of flight.
You feel very buoyant.
You fly up into the air.
Your goblin zombie hits the gnoll but does no damage.
The gnoll hits you with a +0 flail.
* * * LOW HITPOINT WARNING * * *
The gnoll hits your goblin zombie with a +0 whip.
The gnoll hits you but does no damage. You block the gnoll's attack.
You aren't carrying any potions.
As you read the scroll labelled CAX MIJOTZI, it crumbles to dust.
It is a scroll of enchant armour.
Your +2 buckler glows green for a moment.
You block the gnoll's attack.
The gnoll hits you from afar with a +0 halberd.
You die...
Your body rises from the dead as a mindless zombie.

###....(.#
####.##..##
...)......#
####......####
###.......#####
##..........
#..#.##...# .
#.....###.####...#
##.#.....Z@gg.....
#.#.#####gg.##...
#.### #....# #.#
...#..# ...
....#... ...
......#.#. ...
..$...#... #....
....(..# ..


You could see 4 gnolls and a friendly goblin zombie.

Vanquished Creatures
  A dart slug (D:2)
  2 bats (D:1)
  3 endoplasms
  2 giant cockroaches
  2 goblins (D:1)
  A hobgoblin (D:1)
  2 kobolds (D:1)
  A quokka (D:1)
  2 ball pythons
  A frilled lizard (D:1)
  A rat (D:1)
18 creatures vanquished.

Vanquished Creatures (collateral kills)
  An endoplasm (D:1)
  A goblin (D:2)
  A frilled lizard (D:1)
3 creatures vanquished.

Vanquished Creatures (others)
  A ball python zombie (D:2)
  5 plants (D:1)
6 creatures vanquished.

Grand Total: 27 creatures vanquished

Notes
Turn   | Place    | Note
-------+----------+-------------------------------------------
     0 | D:1      | PriceMaster the Human Wanderer began the quest for the Orb.
     0 | D:1      | PriceMaster set off with the following items: a +0 spear, a
                  | +2 buckler, a +0 ring mail, a potion of might.
     0 | D:1      | Reached XP level 1. HP: 13/13 MP: 1/1
     0 | D:1      | Found Tuelunne's Magic Scroll Shop.
   225 | D:1      | Found Latuo's Book Shop.
   251 | D:1      | Found Pinaocwu's Jewellery Shoppe.
   334 | D:1      | Reached XP level 2. HP: 5/19 MP: 2/2
   884 | D:1      | Found a faded altar of an unknown god.
   903 | D:1      | Prayed at the altar of an unknown god.
   903 | D:1      | Became a worshipper of Yredelemnul the Dark
   903 | D:1      | Reached * piety under Yredelemnul
  1112 | D:2      | Reached XP level 3. HP: 24/24 MP: 0/3
  1175 | D:2      | Slain by a gnoll

Illustrated notes

Levels and vault maps discovered:
D:1:      eino_arrival_druids_welcome, layout_rooms,
          shapermc_ecumenical_altar_starsandcircs, serial_shops,
          nicolae_shop_trees, shop, nicolae_shop_crystal
D:2:      layout_rooms

Action                   || total
-------------------------++-------
Melee: Spear             ||    92
Invok: Recall Undead Har ||     1
  Use: Potion            ||     2
       Scroll            ||     1
Armor: Ring mail         ||    18
Dodge: Dodged            ||    25
Block: Buckler           ||    28
